 Dungeon Crawl Stone Soup version 0.27.0-1-g7a089689b8 (webtiles) character file.

Game seed: 15372839775008952490

1923 ZombieSheep the Skirmisher (level 8, -3/73 HPs)
             Began as a Minotaur Monk on Aug 5, 2021.
             Was an Elder of Yredelemnul.
             Slain by a four-headed hydra (5 damage)
             ... on level 7 of the Dungeon.
             The game lasted 00:16:52 (7115 turns).

ZombieSheep the Skirmisher (Minotaur Monk)          Turns: 7115, Time: 00:16:53

Health: -3/73      AC: 15    Str: 17    XL:     8   Next: 96%
Magic:  10/10      EV:  9    Int:  7    God:    Yredelemnul [****..]
Gold:   459        SH:  5    Dex: 14    Spells: 7/7 levels left

rFire    . . .     SeeInvis .   a - +1 hand axe (flame)
rCold    . . .     Faith    .   d - +0 buckler
rNeg     . . .     Spirit   .   E - +0 chain mail
rPois    .         Reflect  .   (helmet restricted)
rElec    .         Harm     .   y - +2 cloak
rCorr    .         Rampage  .   c - +1 pair of gloves
Will     .....                  (no boots)
Stlth    ..........             (no amulet)
HPRegen  0.22/turn              (no ring)
MPRegen  0.12/turn              (no ring)

@: hasted, very quick
A: horns 2, retaliatory headbutt
a: Renounce Religion, Recall Undead Slaves, Injury Mirror, Animate Dead, Drain
Life


You were on level 7 of the Dungeon.
You worshipped Yredelemnul.
Yredelemnul was greatly pleased with you.
You visited 1 branch of the dungeon, and saw 7 of its levels.
You also visited: Sewer and Ossuary.

You collected 459 gold pieces.

Inventory:

Hand Weapons
 a - a +1 hand axe of flaming (weapon)
 f - a +0 halberd
 r - a +0 war axe
Armour
 c - a +1 pair of gloves (worn)
 d - a +0 buckler (worn)
 y - a +2 cloak (worn)
 E - a +0 chain mail (worn)
Jewellery
 j - a ring of ice
 t - a ring of flight
 w - an amulet of guardian spirit
 B - a +6 ring of intelligence
Wands
 v - a wand of flame (19)
Scrolls
 i - 5 scrolls of teleportation
 k - 2 scrolls of enchant weapon
 l - 2 scrolls of magic mapping
 A - a scroll of amnesia
 F - a scroll of enchant armour
 G - a scroll of blinking
Potions
 b - 2 potions of flight
 e - a potion of ambrosia
 g - 5 potions of mutation
 h - 3 potions of curing
 m - a potion of cancellation
 n - 2 potions of heal wounds
 o - a potion of experience {unknown}
 p - a potion of invisibility {unknown}
 q - a potion of might {unknown}
 u - a potion of attraction {unknown}
 x - a potion of degeneration {unknown}
 z - 2 potions of berserk rage
 C - a potion of lignification {unknown}
 D - 2 potions of haste


   Skills:
 + Level 7.0 Fighting
 + Level 7.0 Axes
 + Level 5.7 Armour
 + Level 6.4 Dodging
 - Level 1.5 Stealth
 - Level 4.0 Shields
 + Level 4.5 Invocations


You had 7 spell levels left.
You didn't know any spells.
Your spell library contained the following spells:

 Spells                   Type           Power      Damage    Failure   Level
 Passwall                 Tmut/Erth      0%         N/A       100%        2
 Swiftness                Air            0%         N/A       100%        3
 Alistair's Intoxication  Tmut/Pois      0%         N/A       100%        5
 Borgnjor's Vile Clutch   Necr/Erth      0%         N/A       100%        5
 Eringya's Noxious Bog    Tmut/Pois      0%         N/A       100%        6
 Invisibility             Hex            0%         N/A       100%        6


Dungeon Overview and Level Annotations

Branches:
Dungeon (7/15)             Temple (0/1) D:6           Sewer (visited)
Ossuary (visited)

Altars:
Kikubaaqudgha
Yredelemnul
The Shining One

Annotations:
D:5 3 runed translucent doors, mimimomo's ghost, novice GrFi


Innate Abilities, Weirdness & Mutations

You have a pair of horns on your head.
You reflexively headbutt those who attack you in melee.


Message History

The seven-headed hydra completely misses you.
The seven-headed hydra bites you but does no damage. x2
The seven-headed hydra barely misses you.
The seven-headed hydra bites you but does no damage.
The seven-headed hydra bites you! The seven-headed hydra bites you.
You lop one of the seven-headed hydra's heads off!
The flame cauterises the wound!
You hit the six-headed hydra. You burn the six-headed hydra.
The six-headed hydra is lightly wounded.
The six-headed hydra bites you! The six-headed hydra bites you.
The six-headed hydra bites you but does no damage.
The six-headed hydra bites you. The six-headed hydra bites you!
The six-headed hydra closely misses you.
You hit the six-headed hydra. You burn the six-headed hydra.
The six-headed hydra is lightly wounded.
Unknown command.
You lop one of the six-headed hydra's heads off!
The flame cauterises the wound!
You hit the five-headed hydra. You burn the five-headed hydra.
You headbutt the five-headed hydra.
The five-headed hydra is moderately wounded.
The five-headed hydra barely misses you.
The five-headed hydra bites you but does no damage.
You block the five-headed hydra's attack.
The five-headed hydra bites you but does no damage.
The five-headed hydra closely misses you.
You slice one of the five-headed hydra's heads off!
The flame cauterises the wound!
You slash the four-headed hydra! You burn the four-headed hydra.
You headbutt the four-headed hydra.
The four-headed hydra is heavily wounded.
Unknown command.
You barely miss the four-headed hydra.
The four-headed hydra is heavily wounded.
The four-headed hydra bites you!
* * * LOW HITPOINT WARNING * * *
You block the four-headed hydra's attack.
The four-headed hydra bites you!
* * * LOW HITPOINT WARNING * * *
The four-headed hydra bites you.
You die...
Your body rises from the dead as a mindless zombie.

########..##
♣♣.♣♣#..# #♣
#♣.≈.♣#..# .♣
#.≈≈≈.#..# .
#.≈≈≈.#..# ♣.
#.≈≈≈.#..# ♣#}#
#.≈≈≈)#..#
#.#†##♣)≈≈♣.).#
#8#D@zz[≈....#
#:##♣)≈)♣...#
#.#♣#.≈≈≈.#..#
♣. #.≈≈≈.#.##
.♣ #.≈≈≈.#.# .♣
#.≈≈≈.#.# #♣
#♣.≈.♣#.#
♣♣.♣♣#.# ##


You could see a four-headed hydra (ally target), a friendly flying skull and a
friendly wight.

Vanquished Creatures
  A vampire mosquito (D:7)
  A sky beast (D:5)
  A necrophage (D:6)
  An ogre (D:7)
  A centaur (D:6)
  2 kobold brigands (D:6)
  A scorpion (D:5)
  A wyvern skeleton (D:6)
  A water moccasin zombie (D:5)
  A howler monkey (D:5)
  A jelly (D:5)
  A bullfrog zombie (D:6)
  An orc priest (D:6)
  3 hounds
  Jessica (D:2)
  An iguana (D:4)
  4 orc wizards
  A hound skeleton (D:4)
  8 mummies (Ossuary)
  7 adders
  A river rat (D:4)
  A white imp (D:4)
  2 ufetubi
  2 worms (D:2)
  4 dart slugs
  10 orcs
  4 bats
  6 endoplasms
  3 giant cockroaches
  6 goblins
  11 hobgoblins
  10 jackals
  A quokka (D:3)
  9 ball pythons
  5 frilled lizards
  A gnoll zombie (Ossuary)
  2 hobgoblin zombies (Ossuary)
  13 kobolds
  3 kobold zombies (Ossuary)
  2 orc zombies (Ossuary)
  4 rats
139 creatures vanquished.

Vanquished Creatures (collateral kills)
  Eustachio (D:6)
  An orc warrior (D:7)
  A sky beast (D:7)
  3 centaurs
  A wyvern skeleton (D:7)
  2 centaur zombies
  A hound (D:4)
  A jelly (D:7)
  3 orc priests
  A bullfrog skeleton (D:5)
  A hound skeleton (D:4)
  A howler monkey zombie (D:5)
  4 gnolls (D:4)
  4 adders
  2 white imps (D:6)
  A dart slug (D:5)
  2 orcs (D:7)
  An endoplasm (D:4)
  A goblin (D:4)
  2 ball pythons
  2 kobolds
36 creatures vanquished.

Vanquished Creatures (others)
  2 flying skulls (D:7)
  A mummy (D:7)
  A centaur zombie (D:6)
  A scorpion zombie (D:5)
  A river rat zombie (D:4)
  25 plants
31 creatures vanquished.

Grand Total: 206 creatures vanquished

Notes
Turn   | Place    | Note
-------+----------+-------------------------------------------
     0 | D:1      | ZombieSheep the Minotaur Monk began the quest for the Orb.
     0 | D:1      | Reached XP level 1. HP: 19/19 MP: 0/0
   123 | D:1      | Reached XP level 2. HP: 6/27 MP: 1/1
   125 | D:1      | Reached skill level 1 in Armour
   717 | D:1      | Found a faded altar of an unknown god.
   717 | D:1      | Noticed a Hell Sentinel
   763 | D:1      | Reached XP level 3. HP: 33/33 MP: 2/2
   791 | D:1      | Became a worshipper of Yredelemnul the Dark
   791 | D:1      | Reached * piety under Yredelemnul
   791 | D:1      | Reached ** piety under Yredelemnul
  1073 | D:2      | Noticed Jessica
  1077 | D:2      | Killed Jessica
  1115 | D:2      | Reached *** piety under Yredelemnul
  1197 | D:2      | Reached XP level 4. HP: 37/40 MP: 3/3
  1396 | D:2      | Reached skill level 1 in Invocations
  2687 | D:4      | Received a gift from Yredelemnul (a mummy)
  2783 | D:4      | Found a glowing drain.
  2832 | Sewer    | Entered a sewer
  2942 | Sewer    | Reached XP level 5. HP: 47/47 MP: 4/4
  2959 | Sewer    | Reached skill level 1 in Shields
  3026 | Sewer    | Received a gift from Yredelemnul (3 flying skulls)
  3983 | D:4      | Reached XP level 6. HP: 55/55 MP: 6/6
  4433 | D:5      | Entered Level 5 of the Dungeon
  4495 | D:5      | Reached skill level 5 in Fighting
  4495 | D:5      | Reached skill level 5 in Axes
  4582 | D:5      | Found an ancient bone altar of Kikubaaqudgha.
  4583 | D:5      | Found a runed translucent gate.
  4588 | D:5      | Found a runed translucent gate.
  4622 | D:5      | Noticed a sky beast
  4626 | D:5      | Killed a sky beast
  4626 | D:5      | Reached **** piety under Yredelemnul
  4629 | D:5      | Found a runed translucent gate.
  4634 | D:5      | Noticed mimimomo's ghost (novice GrFi)
  4799 | D:5      | Reached XP level 7. HP: 61/61 MP: 7/7
  4892 | D:5      | Reached skill level 5 in Dodging
  4938 | D:5      | Found a glowing golden altar of the Shining One.
  5378 | D:6      | Received a gift from Yredelemnul (a wight)
  5662 | D:6      | Reached XP level 8. HP: 59/70 MP: 9/9
  5730 | D:6      | Noticed Eustachio
  5743 | D:6      | Killed Eustachio
  5860 | D:6      | Found a staircase to the Ecumenical Temple.
  5925 | D:6      | Found a sand-covered staircase.
  5979 | Ossuary  | Entered an ossuary
  6879 | D:7      | Received a gift from Yredelemnul (a wight)
  6879 | D:7      | Reached skill level 5 in Armour
  7087 | D:7      | Noticed a seven-headed hydra
  7115 | D:7      | HP: 2/73 [four-headed hydra (12)]
  7115 | D:7      | Slain by a four-headed hydra

Illustrated notes

Levels and vault maps discovered:
D:1:      onia_arrival_pyramid, layout_rooms,
          dreamdust_ecumenical_altar_sealed_demon
D:2:      layout_loops_cross, wad_floor_pattern_untrapped, uniq_jessica
D:3:      layout_basic
D:4:      wander_river, layout_loops_ring, cheibrodos_sewer_entry_sluice,
          minmay_goblin_outpost
D:5:      layout_loops_cross, mainiacjoe_overflow_catch_the_wave,
          ebering_ghost_rock_garden
D:6:      layout_basic, minmay_temple_entry_overgrown,
          lightli_ossuary_entry_decrepit_ruins, uniq_eustachio
D:7:      nzn_winding_woodlands_small [nzn_winding_woodlands_5x15_pockets,
          nzn_winding_woodlands_center_diamonds,
          nzn_winding_woodlands_5x15_river_crossing], layout_loops_ring,
          old_standard_altar

Skill      XL: |  1  2  3  4  5  6  7  8 |
---------------+-------------------------+-----
Armour         | 1 2 3 4 5 |  5.7
Fighting       | 4 5 7 |  7.0
Axes           | 4 5 7 |  7.0
Invocations    | 1 2 3 4 |  4.5
Dodging        | 4 5 6 |  6.4
Shields        | 1 2 3 4 |  4.0
Stealth        | |  1.5

Action                   |  1- 3 |  4- 6 |  7- 9 || total
-------------------------+-------+-------+-------++-------
Melee: Hand axe          |    57 |   158 |   169 ||   384
       Headbutt          |     8 |    29 |    38 ||    75
Invok: Animate Dead      |       |     3 |     3 ||     6
       Recall Undead Sla |       |     2 |     2 ||     4
  Use: Scroll            |     3 |     9 |     6 ||    18
       Potion            |       |       |     1 ||     1
 Stab: Sleeping          |     3 |     2 |       ||     5
       Distracted        |       |     2 |     3 ||     5
Armor: Robe              |     7 |     8 |       ||    15
       Ring mail         |       |    24 |       ||    24
       Scale mail        |       |    10 |    53 ||    63
       Chain mail        |       |       |    15 ||    15
Dodge: Dodged            |    45 |    89 |    73 ||   207
Block: Buckler           |     2 |    27 |    35 ||    64
